AoeStats
← EULight

Oasis

509130143Analyzed
2v2 RM · 8d ago on Sep 25, 2026· 41m 5s· 4 players
Game mode
Random Map
Map size
Medium (4 player)
Population
200
Speed
Normal
Resources
Standard
Victory
Conquest
Starting age
Dark Age
Ending age
Imperial Age
RankedLock teamsTeams togetherTeam positionsShared explorationLock speedFull tech treeHidden civsTurbo modeCheats
Victory
Defeat
🇸🇰 Mongols · Slovakia
1240
+13
🇲🇽 Franks · Mexico
1193
+15
🇦🇷 Khitans · Argentina
1185
-14
🇹🇼 Varangians · Taiwan
1178
-14
Wick
6:16 Loom
9:11 Feudal Age
9:54 Double-Bit Axe
9:53 Domestication
14:42 Wheelbarrow
18:08 Castle Age
19:17 Bow Saw
19:10 Pastoralism
23:43 Gold Mining
26:06 Hand Cart
27:40 Scale Barding Armor
27:46 Forging
30:42 Imperial Age
28:43 Husbandry
28:37 Fletching
28:47 Town Watch
29:41 Ballistics
29:13 Heavy Cavalry Archer
29:59 Thumb Ring
29:53 Bodkin Arrow
30:01 Padded Archer Armor
30:38 Iron Casting
30:24 Chain Barding Armor
31:49 Bracer
34:23 Bracer
35:04 Light Cavalry
36:56 Parthian Tactics
36:23 Hussar
37:47 Leather Archer Armor
37:52 Chain Barding Armor
38:05 Conscription
37:56 Ordo Cavalry
40:23 Plate Barding Armor
Panzer酒桃
7:47 Loom
11:53 Feudal Age
16:56 Double-Bit Axe
19:43 Bloodlines
23:04 Horse Collar
26:14 Castle Age
28:38 Heavy Plow
30:25 Wheelbarrow
83T01SRA3L
4:40 Loom
10:39 Feudal Age
12:11 Double-Bit Axe
14:08 Wheelbarrow
20:42 Castle Age
19:06 Gold Mining
19:33 Forging
21:12 Scale Mail Armor
22:34 Iron Casting
21:53 Town Watch
22:25 Bow Saw
22:11 Stone Mining
22:49 Fletching
23:57 Treadmill Crane
27:01 Gold Shaft Mining
27:49 Ballistics
28:06 Chain Mail Armor
30:56 Squires
30:42 Arson
30:43 Gambesons
33:11 Bodkin Arrow
33:17 Padded Archer Armor
36:57 Imperial Age
34:25 Elite Skirmisher
36:12 Leather Archer Armor
37:16 Elite Throwing Axeman
38:22 Conscription
39:32 Chemistry
40:04 Hand Cart
41:37 Blast Furnace
41:07 Plate Mail Armor
EULight
3:01 Loom
9:39 Feudal Age
10:32 Double-Bit Axe
14:18 Scale Barding Armor
16:01 Horse Collar
22:12 Castle Age
20:38 Forging
20:51 Fletching
22:42 Bloodlines
23:54 Chain Barding Armor
24:00 Husbandry
24:38 Iron Casting
25:19 Bow Saw
26:32 Heavy Plow
30:00 Fortified Wall
30:48 Masonry
32:52 Ballistics
32:27 Murder Holes
38:27 Imperial Age
36:39 Gold Mining
37:53 Bodkin Arrow
38:31 Elite Steppe Lancer
40:13 Blast Furnace
40:40 Conscription
Connection lost

Rejoining the realm…

Still unreachable

The connection could not be restored.

Session expired

The server has moved on; the page needs a fresh start.